 Dungeon Crawl Stone Soup version 0.30-b1-2-g02819fbbbe (webtiles) character file.

Game seed: 8246511706276126065

757 Mesmaeker13 the Poker (level 7, -1/40 (57) HPs)
             Began as a Demigod Reaver on July 15, 2023.
             Slain by a gnoll sergeant
             ... wielding a +0 trident
              (7 damage)
             ... on level 5 of the Dungeon.
             The game lasted 00:14:42 (5518 turns).

Mesmaeker13 the Poker (Demigod Reaver)              Turns: 5518, Time: 00:14:42

HP:   -1/40 (57)    AC:  7    Str: 17    XL:     7   Next: 25%
MP:   13/14         EV: 11    Int: 19    God:
Gold: 51            SH:  0    Dex: 14    Spells: 9/12 levels left

rFire   . . .        a - +0 spear
rCold   . . .        (no shield)
rNeg    + . .        i - +0 ring mail
rPois   +            l - +0 helmet
rElec   .            (no cloak)
rCorr   .            (no gloves)
SInv    .            w - +0 pair of boots "Oraiferch" {rN+ Dex+2}
Will    +....        (no amulet)
Stlth   +            v - ring of poison resistance
HPRegen 0.26/turn    u - ring of willpower
MPRegen 0.14/turn

%: no passive effects
@: very heavily drained
A: high MP 1, forlorn, divine attributes
a: no special abilities


You were on level 5 of the Dungeon.
You visited 1 branch of the dungeon, and saw 5 of its levels.

You collected 260 gold pieces.
You spent 209 gold pieces at shops.

Inventory:

Hand Weapons
 a - a +0 spear (weapon)
Armour
 i - a +0 ring mail (worn)
 l - a +0 helmet (worn)
 w - the +0 pair of boots "Oraiferch" (worn) {rN+ Dex+2}
   (You bought it in a shop on level 1 of the Dungeon)

   Dex:       It affects your dexterity (+2).
   rN:        It protects you from negative energy.
Jewellery
 d - a ring of protection from cold
 g - a ring of protection from cold
 u - a ring of willpower (right hand)
 v - a ring of poison resistance (left hand)
Scrolls
 e - a scroll of blinking
 f - 2 scrolls of teleportation {unknown}
 j - a scroll of fear {unknown}
 n - a scroll of fog {unknown}
 o - a scroll of brand weapon {unknown}
 s - 2 scrolls of magic mapping
Potions
 h - a potion of degeneration {unknown}
 m - a potion of brilliance
 p - a potion of might {unknown}
 q - 2 potions of mutation
 r - a potion of attraction
 t - a potion of curing {unknown}


   Skills:
 + Level 3.1 Fighting
 + Level 4.3 Polearms
 + Level 2.1 Armour
 - Level 3.0 Dodging
 - Level 3.0 Spellcasting
 - Level 3.5 Conjurations
 + Level 2.6 Necromancy
 + Level 1.8 Translocations


You had 9 spell levels left.
You knew the following spells:

 Your Spells              Type           Power      Damage    Failure   Level
a - Kiss of Death         Conj/Necr      56%        2d9       8%          1
b - Blink                 Tloc           20%        N/A       19%         2

Your spell library contained the following spells:

 Spells                   Type           Power      Damage    Failure   Level
 Momentum Strike          Conj/Tloc      26%        3d8       14%         2
 Lesser Beckoning         Tloc           20%        N/A       19%         2
 Hailstorm                Conj/Ice       9%         3d4       36%         3
 Anguish                  Hex/Necr       3%         N/A       85%         4
 Enfeeble                 Hex            1%         N/A       100%        7


Dungeon Overview and Level Annotations

Branches:
Dungeon (5/15)
 Temple: D:4-7

Shops:
D:1 [

Annotations:
D:4 2 exclusions


Innate Abilities, Weirdness & Mutations

You have an increased reservoir of magic. (+10% MP)
You shall have no god before yourself.
Your divine heritage dramatically boosts your attributes as you level up.


Message History

You hit the gnoll sergeant but do no damage.
The gnoll sergeant is severely wounded.
The gnoll sergeant hits you with a +0 trident!
You hit the gnoll sergeant but do no damage.
The gnoll sergeant is severely wounded.
The gnoll sergeant closely misses you.
You hit the gnoll sergeant but do no damage.
The gnoll sergeant is severely wounded.
The gnoll sergeant hits you with a +0 trident.
You hit the gnoll sergeant.
The gnoll sergeant is severely wounded.
You hit the gnoll sergeant.
The gnoll sergeant is severely wounded.
The gnoll sergeant hits you with a +0 trident!
* * * LOW HITPOINT WARNING * * *
Okay, then.
Casting: Kiss of Death (safe; 8% risk of failure)
Confirm with . or Enter, or press ? or * to list all spells.
Aiming: Kiss of Death (safe; 8% risk of failure)
Press: ? - help, Shift-Dir - straight line, f/p - gnoll sergeant
Aim: a gnoll sergeant, wielding a +0 trident and wearing a +0 ring mail (severely wounded, lightly drained, 100% to hit)
The negative energy hits the gnoll sergeant.
The gnoll sergeant is drained!
The gnoll sergeant is almost dead.
You feel drained.
The gnoll sergeant hits you but does no damage.
You hit the gnoll sergeant but do no damage.
The gnoll sergeant is almost dead.
The gnoll sergeant hits you with a +0 trident.
* * * LOW HITPOINT WARNING * * *
You barely miss the gnoll sergeant.
The gnoll sergeant is almost dead.
The gnoll sergeant hits you but does no damage.
You hit the gnoll sergeant but do no damage.
The gnoll sergeant is almost dead.
The gnoll sergeant closely misses you.
You barely miss the gnoll sergeant.
The gnoll sergeant is almost dead.
The gnoll sergeant hits you with a +0 trident!
You die...

#..............
♣.≈
#..............
♣..
#..............
♣.≈
#..............
♣.≈
#..............
....≈
.............
≈≈≈≈≈
#......<...
..... #<.....((
..... #@.......
.....
#.g..[...?.
.....
#(.........
.....
.....?......
#..#.........
...........=..
#... ..........
#..............


You could see a gnoll sergeant (very drained).

Vanquished Creatures
  A sky beast (D:4)
  Blork the orc (D:4)
  2 scorpions (D:4)
  A howler monkey (D:4)
  2 hounds (D:4)
  An iguana (D:4)
  2 orc wizards
  11 adders
  7 gnolls
  2 ufetubi (D:4)
  A worm (D:4)
  5 dart slugs
  9 orcs
  6 endoplasms
  2 giant cockroaches
  8 goblins
  7 hobgoblins
  7 jackals
  3 quokkas
  16 ball pythons
  6 bats
  4 frilled lizards
  12 kobolds
  6 rats
  A spectral kobold (D:4)
123 creatures vanquished.

Notes
Turn   | Place    | Note
-------+----------+-------------------------------------------
     0 | D:1      | Mesmaeker13 the Demigod Reaver began the quest for the Orb.
     0 | D:1      | Reached XP level 1. HP: 17/17 MP: 5/5
   124 | D:1      | Reached XP level 2. HP: 22/24 MP: 7/7
   314 | D:1      | Reached skill level 3 in Polearms
   419 | D:1      | Found Gugaypio's Antique Armour Emporium.
   480 | D:1      | Reached XP level 3. HP: 28/29 MP: 8/8
   892 | D:2      | HP: 1/26 [gnoll/+0 flail (13)]
  1074 | D:2      | Reached XP level 4. HP: 9/20 MP: 7/10
  1929 | D:2      | Reached XP level 5. HP: 18/24 MP: 11/11
  2250 | D:2      | Reached skill level 1 in Necromancy
  3424 | D:4      | Noticed a sky beast
  3765 | D:4      | Learned a level 2 spell: Blink
  3795 | D:4      | Reached skill level 1 in Armour
  3795 | D:4      | Reached XP level 6. HP: 9/47 MP: 13/13
  4100 | D:4      | Reached skill level 1 in Translocations
  4207 | D:4      | Reached skill level 4 in Polearms
  4562 | D:1      | Bought a pair of fine boots for 209 gold pieces
  4562 | D:1      | Identified the +0 pair of boots "Oraiferch" {rN+ Dex+2}
                  | (You bought it in a shop on level 1 of the Dungeon)
  4838 | D:5      | Entered Level 5 of the Dungeon
  4995 | D:4      | Reached XP level 7. HP: 33/50 MP: 12/14
  5082 | D:5      | Noticed Blork the orc
  5116 | D:4      | Killed Blork the orc
  5518 | D:5      | Slain by a gnoll sergeant

Illustrated notes

Levels and vault maps discovered:
D:1:      erik_arrival_orb_chamber, layout_rooms, serial_shops, shop
D:2:      layout_basic, chequers_ecumenical_altar_island, minmay_snake_closets
D:3:      layout_basic, mainiacjoe_overflow_chevrons, small_statue_intersection
D:4:      layout_rooms, mainiacjoe_overflow_boulevard,
          nicolae_hepliaklqana_monster_ancestors, dk_noncrumbling_2,
          st_stairs_14, goddamned_bats
D:5:      layout_rooms, mainiacjoe_overflow_brackets, portal_sewer_entry_d,
          roderic_roman_lattice, uniq_blork_the_orc

Skill      XL: |  1  2  3  4  5  6  7 |
---------------+----------------------+-----
Dodging        | 2 3 |  3.0
Spellcasting   | 2 3 |  3.0
Conjurations   | 3 |  3.5
Polearms       | 3 4 |  4.3
Necromancy     | 1 2 |  2.6
Fighting       | 2 3 |  3.1
Armour         | 1 2 |  2.1
Translocations | 1 |  1.8

Action                     |  1- 3 |  4- 6 |  7- 9 || total
---------------------------+-------+-------+-------++-------
  Melee: Spear             |   180 |   378 |    88 ||   646
         Punch             |       |     3 |     4 ||     7
  Throw: Dart              |       |    22 |     2 ||    24
         Boomerang         |       |     5 |       ||     5
   Cast: Kiss of Death     |     4 |     2 |     2 ||     8
    Use: Potion            |       |     4 |     1 ||     5
         Scroll            |       |     6 |       ||     6
   Stab: Invisible         |       |     1 |       ||     1
         Distracted        |       |     1 |       ||     1
 Armour: Leather armour    |    56 |    75 |    10 ||   141
         Skin              |       |    23 |    15 ||    38
         Ring mail         |       |       |    12 ||    12
  Dodge: Dodged            |    87 |   193 |    47 ||   327
